AoeStats
← Bigcityboydn_™

Arabia

508183789Analyzed
1v1 RM · 12d ago on Sep 21, 2026· 44m 41s· 2 players
Game mode
Random Map
Map size
Tiny (2 player)
Population
200
Speed
Normal
Resources
Standard
Victory
Conquest
Starting age
Dark Age
Ending age
Imperial Age
RankedLock teamsTeams togetherTeam positionsShared explorationLock speedFull tech treeHidden civsTurbo modeCheats
Victory
Defeat
🇪🇸 Aztecs · Spain
1690
+14
🇦🇷 Sicilians · Argentina
1640
-14
Bigcityboydn_™
5:38 Loom
8:36 Feudal Age
9:10 Double-Bit Axe
9:28 Horse Collar
21:30 Castle Age
19:50 Gold Mining
20:43 Bloodlines
22:59 Scale Barding Armor
26:16 Town Watch
28:23 Light Cavalry
31:25 Chain Barding Armor
32:47 Husbandry
33:31 Forging
35:17 Bow Saw
36:58 Wheelbarrow
38:57 Imperial Age
36:49 Fletching
36:37 Man-at-Arms
37:18 Squires
37:03 Arson
38:04 Scale Mail Armor
39:07 Iron Casting
37:58 Long Swordsman
38:24 Gambesons
39:17 Two-Handed Swordsman
40:13 Chain Mail Armor
40:21 Conscription
42:07 Plate Mail Armor
44:02 Onager
Mataku
6:14 Loom
9:20 Feudal Age
9:59 Double-Bit Axe
14:34 Fletching
20:21 Castle Age
18:44 Gold Mining
19:03 Horse Collar
20:23 Crossbowman
21:01 Bodkin Arrow
21:21 Bow Saw
26:00 Wheelbarrow
29:11 Sanctity
30:48 Redemption
30:50 Fervor
31:56 Pikeman
33:37 Squires
36:53 Imperial Age
34:56 Hand Cart
34:27 Town Watch
34:51 Scale Mail Armor
35:01 Forging
38:13 Chain Mail Armor
38:00 Bracer
37:38 Eagle Warrior
40:12 Conscription
40:26 Plate Mail Armor
41:04 Iron Casting
40:35 Elite Jaguar Warrior
43:22 Blast Furnace
43:26 Illumination
43:15 Arson
43:16 Gambesons
44:40 Garland Wars
Connection lost

Rejoining the realm…

Still unreachable

The connection could not be restored.

Session expired

The server has moved on; the page needs a fresh start.